 Dungeon Crawl Stone Soup version 0.22.0-40-g68aacdc (webtiles) character file.

462 HallandMoats the Skirmisher (level 6, 0/51 HPs)
             Began as a Demonspawn Monk on Aug 31, 2018.
             Was a Believer of Okawaru.
             Slain by dakvas's ghost (12 damage)
             ... on level 4 of the Dungeon.
             The game lasted 00:06:09 (4743 turns).

HallandMoats the Skirmisher (Demonspawn Monk)       Turns: 4743, Time: 00:06:10

Health: 0/51       AC:  8    Str: 13      XL:     6   Next: 79%
Magic:  5/6        EV: 11    Int: 10 (11) God:    Okawaru [**....]
Gold:   11         SH:  0    Dex: 16      Spells: 5/5 levels left

rFire    . . .     SeeInvis .     - Unarmed
rCold    + . .     Gourm    .   (no shield)
rNeg     . . .     Faith    .   d - +0 scale mail
rPois    .         Spirit   .   (helmet restricted)
rElec    .         Reflect  .   (no cloak)
rCorr    .         Harm     .   (no gloves)
MR       .....                  (no boots)
Stlth    +.........             (no amulet)
HPRegen  0.17/turn              (no ring)
MPRegen  0.10/turn              (no ring)

@: no status effects
A: antennae 1, slimy green scales 1, cold resistance 1, deterioration 1, low mp
1
a: Heroism, Renounce Religion


You were on level 4 of the Dungeon.
You worshipped Okawaru.
Okawaru was pleased with you.
You were hungry.

You visited 1 branch of the dungeon, and saw 4 of its levels.

You collected 123 gold pieces.
You spent 112 gold pieces at shops.

Inventory:

Missiles
 e - 8 javelins (quivered)
Armour
 d - a +0 scale mail (worn)
Scrolls
 a - 3 scrolls of remove curse {unknown}
 c - 2 scrolls of teleportation
 j - a scroll of magic mapping {unknown}
 n - a scroll of amnesia {unknown}
Potions
 f - a potion of invisibility {unknown}
 g - a potion of magic
 h - a potion of curing
 k - a potion of degeneration {unknown}
 l - a potion of agility {unknown}
Comestibles
 b - 6 rations


   Skills:
 * Level 5.0 Fighting
 + Level 2.1 Armour
 + Level 3.7 Dodging
 - Level 1.7 Stealth
 * Level 4.5 Unarmed Combat
 + Level 1.8 Invocations


You had 5 spell levels left.
You didn't know any spells.
Your spell library contained the following spells:

 Spells                   Type           Power        Failure   Level  Hunger
 Confusing Touch          Hex            #.....       87%         1    ##.....
 Confuse                  Hex            #.......     99%         3    ####...
 Gell's Gravitas          Tloc           #.........   99%         3    ####...
 Petrify                  Tmut/Erth      #.......     100%        4    #####..
 Metabolic Englaciation   Hex/Ice        #.........   100%        5    ######.
 Yara's Violent Unravell  Hex/Tmut       #.........   100%        5    ######.


Dungeon Overview and Level Annotations

Branches:
Dungeon (4/15)
 Temple: D:4-7

Altars:
Hepliaklqana
Makhleb
Nemelex Xobeh
Okawaru
Ru
Trog
Wu Jian
Xom

Shops:
D:4 *

Annotations:
D:4 2 runed doors, dakvas's ghost, amateur MiFi


Innate Abilities, Weirdness & Mutations

You have a pair of small antennae on your head.
You are partially covered in slimy green scales. (AC +2)
Your flesh is cold resistant. (rC+)
Your body sometimes deteriorates upon taking damage.
Your magical capacity is low. (-10% MP)


Message History

You kill the leopard gecko!
Okawaru accepts your kill.
You barely miss the rat. The rat bites you but does no damage.
You punch the rat!
You kill the rat!
Okawaru accepts your kill.
You feel like a meek peon again. Dakvas's ghost hits you!
Things that are here:
a rat corpse; a leopard gecko corpse You hit dakvas's ghost but do no damage.
Dakvas's ghost hits you!
* * * LOW HITPOINT WARNING * * *
You hit dakvas's ghost.
Dakvas's ghost is lightly damaged.
Dakvas's ghost barely misses you.
You hit dakvas's ghost.
Dakvas's ghost is lightly damaged.
Dakvas's ghost hits you!
You die...

.# #.# #.# #.## #.#
############## #..# #.#
.#≈≈≈≈≈≈≈≈≈#.## ##.# #(#
.+≈≈≈≈$≈≈≈†'..# #.# ###.##
.#≈≈≈≈≈r≈≈≈#..# ####.# #....#
.###########..######.##.###.#.##
..##.#.........#............#..#
.....'.........'W..............#
..##.#.........#@##...#.##..####
..##.##.......##.##.....##..####
#.##.###.....###......####.....#
#.##.# ##...## ####.### #.#####
.....# ##+## #.######.# #.####
#.# #........# ### #.# #.#
#.######## #.# #.# ##.## #.# #.#
#.# #####...#######.# #..


You could see dakvas's ghost.

Vanquished Creatures
  An ogre (D:2)
  A bullfrog (D:4)
  A crimson imp (D:4)
  2 hounds (D:4)
  A worker ant (D:4)
  A hound skeleton (D:2)
  8 adders
  A river rat (D:4)
  2 oozes
  2 adder zombies (D:2)
  2 worms
  A dart slug (D:4)
  5 leopard geckos
  5 orcs (D:3)
  2 giant cockroaches (D:1)
  8 hobgoblins
  8 jackals (D:3)
  3 quokkas
  3 ball pythons
  A ball python zombie (D:2)
  5 bats
  4 frilled lizards
  2 goblins
  5 kobolds
  8 rats
82 creatures vanquished.

Notes
Turn   | Place    | Note
-------+----------+-------------------------------------------
     0 | D:1      | HallandMoats the Demonspawn Monk began the quest for the Orb.
     0 | D:1      | Reached XP level 1. HP: 18/18 MP: 1/1
   368 | D:1      | Gained mutation: You have a pair of small antennae on your head. [demonic ancestry]
   368 | D:1      | Reached XP level 2. HP: 21/24 MP: 2/2
  1274 | D:2      | Reached XP level 3. HP: 24/29 MP: 3/3
  1726 | D:2      | Noticed an ogre
  1861 | D:2      | Reached skill level 1 in Armour
  1928 | D:2      | Killed an ogre
  1928 | D:2      | Reached skill level 4 in Fighting
  1928 | D:2      | Reached XP level 4. HP: 16/37 MP: 4/4
  1928 | D:2      | Gained mutation: You are partially covered in slimy green scales. (AC +2) [demonic ancestry]
  1928 | D:2      | Reached XP level 5. HP: 19/42 MP: 5/5
  2135 | D:2      | Found a hazy altar of Hepliaklqana.
  2136 | D:2      | Found a shimmering altar of Xom.
  2136 | D:2      | Noticed a hell beast
  2137 | D:2      | Noticed a spectral ugly thing
  2137 | D:2      | Noticed a hell beast
  2437 | D:3      | Found a burning altar of Makhleb.
  2441 | D:3      | Found an iron altar of Okawaru.
  2443 | D:3      | Found a sparkling altar of Nemelex Xobeh.
  2444 | D:3      | Found a bloodstained altar of Trog.
  2759 | D:3      | Found an ornate altar of the Wu Jian Council.
  2760 | D:3      | Found a sacrificial altar of Ru.
  3483 | D:3      | Became a worshipper of Warmaster Okawaru
  3483 | D:3      | Reached * piety under Okawaru
  3483 | D:3      | Reached ** piety under Okawaru
  3774 | D:4      | Found a runed door.
  3885 | D:4      | Reached XP level 6. HP: 44/49 MP: 6/6
  3915 | D:4      | Found a runed door.
  3916 | D:4      | Noticed dakvas's ghost (amateur MiFi)
  4019 | D:4      | Reached skill level 1 in Invocations
  4415 | D:4      | Found Baetiam's General Store.
  4423 | D:4      | Bought a potion of mutation for 112 gold pieces
  4423 | D:4      | Gained mutation: Your body sometimes deteriorates upon taking damage. [potion of mutation]
  4423 | D:4      | Gained mutation: You evolve. [potion of mutation]
  4424 | D:4      | Lost mutation: You evolve. [potion of mutation]
  4424 | D:4      | Lost mutation: Your body sometimes deteriorates upon taking damage. [potion of mutation]
  4424 | D:4      | Gained mutation: Your magical capacity is low. (-10% MP) [potion of mutation]
  4424 | D:4      | Gained mutation: Your body sometimes deteriorates upon taking damage. [potion of mutation]
  4424 | D:4      | Gained mutation: Your flesh is cold resistant. (rC+) [potion of mutation]
  4551 | D:4      | Found a runed door.
  4730 | D:4      | Reached skill level 5 in Fighting
  4743 | D:4      | Slain by dakvas's ghost

Skill      XL: |  1  2  3  4  5  6 |
---------------+-------------------+-----
Unarmed Combat | 3 4 |  4.5
Armour         | 1 2 |  2.1
Dodging        | 3 |  3.7
Fighting       | 4 5 |  5.0
Invocations    | 1 |  1.8
Stealth        | |  1.7

Action                   |  1- 3 |  4- 6 || total
-------------------------+-------+-------++-------
Melee: Unarmed           |   193 |   279 ||   472
       Punch             |     1 |     3 ||     4
Throw: Javelin           |    12 |       ||    12
Invok: Heroism           |       |     1 ||     1
  Use: Scroll            |     3 |       ||     3
       Potion            |     2 |     2 ||     4
 Stab: Sleeping          |     1 |       ||     1
  Eat: Chunk             |     3 |     9 ||    12
Armor: Robe              |     9 |       ||     9
       Scale mail        |    81 |   118 ||   199
Dodge: Dodged            |   121 |   135 ||   256
